[Event "Early-Titled-Tuesday-Blitz-September-05-2023"]
[Site "Chess.com"]
[Date "2023.09.05"]
[Round "2"]
[White "bazar-wokzal"]
[Black "Zheenbekov86"]
[Result "0-1"]
[WhiteElo "2534"]
[BlackElo "2407"]
[TimeControl "180+1"]
[EndTime "8:17:28 PDT"]
[Termination "Zheenbekov86 won by checkmate"]

1. e4 e5 2. Bc4 Nf6 3. d3 Bc5 4. Nf3 d6 5. Bg5 h6 6. Bh4 O-O 7. Nc3 c6 8. h3 Re8 9. O-O Nbd7 10. Re1 Nf8 11. d4 exd4 12. Nxd4 Ng6 13. Bg3 a5 14.
Nb3 Bb4 15. a3 Bxc3 16. bxc3 Ne5 17. Bf1 Qc7 18. Nd4 Qb6 19. Kh1 Qc5 20. f4 Ng6 21. Qf3 d5 22. exd5 Rxe1 23. Rxe1 cxd5 24. f5 Nf8 25.
Be5 Ne4 26. c4 f6 27. Nb3 Qxa3 28. Bd4 Bxf5 29. g4 Bg6 30. cxd5 Re8 31. Bc4 Kh7 32. Bd3 Qb4 33. Rxe4 Rxe4 34. Bxe4 Qe1+ 35. Kh2 Bxe4 36. Qe3 Qh1+ 37. Kg3 Qg2+ 38. Kh4 g5+ 39. Kh5 Bg6# 0-1

[Event "Early-Titled-Tuesday-Blitz-September-05-2023"]
[Site "Chess.com"]
[Date "2023.09.05"]
[Round "2"]
[White "korbul"]
[Black "Beca95"]
[Result "0-1"]
[WhiteElo "2642"]
[BlackElo "2987"]
[TimeControl "180+1"]
[EndTime "8:17:29 PDT"]
[Termination "Beca95 won by resignation"]

1. e4 c5 2. Nf3 d6 3. Bb5+ Nd7 4.
O-O a6 5. Bxd7+ Bxd7 6. d4 cxd4 7. Qxd4 e5 8. Qd3 Rc8 9. c4 b5 10. b3 Be7 11. Ba3 bxc4 12. bxc4 Qc7 13. Nbd2 Nf6 14. Rfc1 O-O 15. h3 Be6 16. Bb4 a5 17. Ba3 Nd7 18.
Rab1 a4 19. Rb5 f5 20. Bb4 Kh8 21. a3 Qc6 22. Ra5 fxe4 23. Nxe4 d5 24. Bxe7 dxe4 25. Qd6 Qxd6 26. Bxd6 exf3 27. Bxf8 Nxf8 28. Rxa4 fxg2 29.
Kxg2 Bd7 30. Ra5 Ng6 31. Kg3 Bc6 32. Rc5 h6 33. a4 Nf4 34. Rd1 Ne2+ 35. Kh2 Nd4 36.
Kg3 Nb3 37. Rxe5 Bxa4 38. Rde1 Rxc4 39. Re7 Nc5 40. R1e5 Bc2 41. f3 Nd3 42. Re4 Rc5 43.
h4 Kh7 44. Rd7 Ne5 45. Rd2 Bxe4 46. fxe4 Kg6 0-1

[Event "Early-Titled-Tuesday-Blitz-September-05-2023"]
[Site "Chess.com"]
[Date "2023.09.05"]
[Round "2"]
[White "ykam78"]
[Black "andrzej"]
[Result "0-1"]
[WhiteElo "2521"]
[BlackElo "2382"]
[TimeControl "180+1"]
[EndTime "8:17:29 PDT"]
[Termination "andrzej won by checkmate"]

1. e4 e5 2. Nf3 Nf6 3. Nxe5 d6 4. Nf3 Nxe4 5. d4 d5 6. Bd3 Be7 7. O-O Bf5 8. Re1 O-O 9. c4 Nc6 10. cxd5 Qxd5 11. Nc3 Nxc3 12. bxc3 Bxd3 13. Qxd3 Rae8 14. a4 h6 15. Be3 Bd6 16. c4 Qe4 17. Qxe4 Rxe4 18.
a5 Rfe8 19. c5 Bf8 20. Reb1 Nd8 21. h3 g5 22. Nd2 R4e7 23. Nc4 Bg7 24. a6 bxa6 25.
Rxa6 Ne6 26. d5 Nd4 27. Rxa7 Ne2+ 28. Kf1 Nc3 29. Rbb7 Nxd5 30. Ke2 Bd4 31. Kf3 Nxe3 32. fxe3 Bxc5 33. Ra6 Kg7 34. Rc6 Bxe3 35. Rcxc7 Rxc7 36. Rxc7 Bd4 37. Nd6 Re3+ 38. Kg4 Kg6 39. h4 h5# 0-1

[Event "Early-Titled-Tuesday-Blitz-September-05-2023"]
[Site "Chess.com"]
[Date "2023.09.05"]
[Round "2"]
[White "vovachesss"]
[Black "Herman-NY"]
[Result "1-0"]
[WhiteElo "2789"]
[BlackElo "2464"]
[TimeControl "180+1"]
[EndTime "8:17:30 PDT"]
[Termination "vovachesss won by checkmate"]

1. e4 c5 2. Nf3 Nc6 3. d4 cxd4 4.
Nxd4 e6 5. g3 Nf6 6. Bg2 Qb6 7.
Nb3 h5 8. Be3 Qc7 9. O-O h4 10.
Nc3 hxg3 11. hxg3 a6 12. a4 b6 13. f4 d6 14. Qe2 Bb7 15. g4 Nd7 16. Rad1 O-O-O 17. Qf2 g5 18. Qg3 gxf4 19. Bxf4 Nde5 20. Nd4 Nxd4 21. Rxd4 Bg7 22. Rfd1 Rd7 23. Ne2 Rhd8 24. b3 Kb8 25. g5 Ng6 26. Rc4 Bc6 27. Be3 Qb7 28.
Qf2 b5 29. Rb4 Be5 30. c4 Ka8 31. axb5 axb5 32. cxb5 Bxb5 33. Nd4 Bxd4 34. e5 Nxe5 35. Bxb7+ Kxb7 36. Bxd4 Kc6 37. Bxe5 dxe5 38. Rc1+ Kd6 39. Qc5# 1-0

[Event "Early-Titled-Tuesday-Blitz-September-05-2023"]
[Site "Chess.com"]
[Date "2023.09.05"]
[Round "2"]
[White "Ramosha"]
[Black "GM_dmitrij"]
[Result "1-0"]
[WhiteElo "2672"]
[BlackElo "3022"]
[TimeControl "180+1"]
[EndTime "8:17:32 PDT"]
[Termination "Ramosha won by resignation"]

1. e4 c6 2. Nf3 d5 3. d3 dxe4 4. dxe4 Qxd1+ 5. Kxd1 Nd7 6. Ne1 Nc5 7. f3 f5 8. Nd3 Nxd3 9. Bxd3 fxe4 10. Bxe4 Nf6 11.
Bd3 g6 12. Nc3 Bf5 13. Ke2 Bg7 14. Rd1 Kf7 15. Ne4 Nxe4 16. Bxe4 Bxe4 17. fxe4 Ke6 18.
c3 Be5 19. h3 a5 20. a4 b5 21. Be3 Rhb8 22. Rd2 h5 23. axb5 Rxb5 24. Kd1 Bd6 25. Kc2 Re5 26. Kd3 Rd8 27. Bd4 Rg5 28. Kc2 Bf4 29.
Rf2 Bc7 30. Raf1 Rb8 31. Be3 Re5 32. Bf4 Rbb5 33. Bxe5 Rxe5 34. Re2 Rg5 35. Rd1 Be5 36.
Ra1 Bc7 37. Ra4 Bb6 38. Rc4 Kd6 39. e5+ Kd5 40. Rf4 Ke6 41. g4 Bc7 42. Ra4 Kd5 43. Kd3 hxg4 44. Rxg4 Rh5 45. Re3 Bxe5 46. Rxg6 Bf6 47.
Rg4 Rh8 48. Ra4 e5 49. Rxa5+ Ke6 50. Ra6 Kd5 51. Ra5+ Ke6 52. Kc2 Rh4 53. Ra8 e4 54. Rc8 Bg5 55. Re2 Kd5 56. Rg8 Bf6 57. Rg4 Rxg4 58. hxg4 Ke5 59. Kd1 Bh4 60. Rg2 Kf4 61. Ke2 Bf6 62. Rf2+ Kg5 63. Ke3 1-0

[Event "Early-Titled-Tuesday-Blitz-September-05-2023"]
[Site "Chess.com"]
[Date "2023.09.05"]
[Round "2"]
[White "Chessdude1987"]
[Black "SAInt_666"]
[Result "1-0"]
[WhiteElo "2433"]
[BlackElo "2699"]
[TimeControl "180+1"]
[EndTime "8:17:32 PDT"]
[Termination "Chessdude1987 won by checkmate"]

1. e4 c5 2. Nf3 d6 3. Bc4 Nc6 4. O-O e6 5. Re1 Nf6 6. c3 Be7 7. d4 cxd4 8. cxd4 Nxe4 9. Bxe6 Bxe6 10. d5 Bxd5 11. Qxd5 Nf6 12. Qb3 O-O 13. Qxb7 Rc8 14. Nc3 d5 15. Bg5 h6 16. Bh4 d4 17. Rad1 Re8 18.
Nb5 g5 19. Bg3 Bc5 20. Ne5 Nxe5 21. Bxe5 Ng4 22. Bxd4 Rxe1+ 23. Rxe1 Bxd4 24. Nxd4 Rb8 25. Qe4 Nf6 26. Qe5 Rxb2 27. Nf5 Qd2 28. Rf1 Nh5 29. Nxh6+ Kh7 30. Nxf7 Kg6 31. Nh8+ Kh7 32. Nf7 Kg6 33.
Qe6+ Nf6 34. Ne5+ Kg7 35. Qf7+ Kh8 36. Qxf6+ Kh7 37. Qg6+ Kh8 38. Nf7# 1-0

[Event "Early-Titled-Tuesday-Blitz-September-05-2023"]
[Site "Chess.com"]
[Date "2023.09.05"]
[Round "2"]
[White "djano"]
[Black "Byniolus"]
[Result "0-1"]
[WhiteElo "2574"]
[BlackElo "2838"]
[TimeControl "180+1"]
[EndTime "8:17:33 PDT"]
[Termination "Byniolus won on time"]

1. Nc3 d5 2. d4 Nf6 3. Bf4 c6 4.
e3 Bf5 5. f3 h6 6. g4 Bg6 7. h4 e6 8. Bd3 Bxd3 9. Qxd3 Nbd7 10. Nge2 b5 11. O-O-O b4 12. Nb1 Qa5 13. g5 Nh5 14. g6 f5 15. e4 fxe4 16. fxe4 Be7 17. Qh3 Nf8 18. Be5 dxe4 19. d5 cxd5 20. Nd4 Qb6 21.
Rhf1 Rg8 22. Rf2 Nxg6 23. Bh2 e5 24. Ne6 Ngf4 25. Qf5 Qxe6 26. Qxe6 Nxe6 27. Bxe5 O-O-O 28. Rf7 Rd7 29. Nd2 e3 30. Nf3 Re8 31. Re1 Bc5 32. Rxd7 Kxd7 33. c3 bxc3 34. bxc3 Nef4 0-1

[Event "Early-Titled-Tuesday-Blitz-September-05-2023"]
[Site "Chess.com"]
[Date "2023.09.05"]
[Round "2"]
[White "Casablanca"]
[Black "InadaC"]
[Result "1-0"]
[WhiteElo "2698"]
[BlackElo "1654"]
[TimeControl "180+1"]
[EndTime "8:17:33 PDT"]
[Termination "Casablanca won by resignation"]

1. e4 e6 2. d4 d5 3. Nd2 c5 4.
exd5 exd5 5. Ngf3 Nf6 6. Bb5+ Bd7 7. Bxd7+ Nbxd7 8. O-O Be7 9. Re1 O-O 10. dxc5 Nxc5 11.
Nb3 Nce4 12. Be3 Re8 13. c3 a5 14. a4 Qc7 15. h3 h6 16. Nbd4 Bc5 17. Qb3 b6 18. Rad1 Rad8 19. Nb5 Qc8 20. Nfd4 Re5 21. Na7 Qb7 22. Nac6 Rde8 23. Nxe5 Rxe5 24. Nf3 Re6 25. Bxc5 Nxc5 26. Qb5 Rxe1+ 27. Rxe1 Nfe4 28. Nd4 g6 29. Nb3 Nxb3 30. Qxb3 Nc5 31. Qb5 Qc7 32. Qe8+ Kg7 33. Qe5+ Qxe5 34. Rxe5 Nxa4 35. Rxd5 Nxb2 36. Rb5 Na4 37.
c4 Kf6 38. f4 Ke6 39. Kf2 Kd6 40. Ke3 Kc6 41. Kd4 Nc5 42. Rb1 a4 43. Ke5 Nd3+ 44.
Ke4 Nc5+ 45. Ke5 Nd3+ 46. Ke4 Nc5+ 47. Ke3 Nb3 48. Kd3 Nc5+ 49. Kc3 f6 50. Re1 Kd6 51. Re8 Ne6 52. g3 h5 53. Kb4 Nc5 54. Rg8 Nd3+ 55. Kxa4 g5 56. fxg5 fxg5 57. Rxg5 Ne5 58. Rxe5 Kxe5 59.
Kb5 1-0

[Event "Early-Titled-Tuesday-Blitz-September-05-2023"]
[Site "Chess.com"]
[Date "2023.09.05"]
[Round "2"]
[White "jeetjain"]
[Black "FGHSMN"]
[Result "0-1"]
[WhiteElo "2613"]
[BlackElo "2929"]
[TimeControl "180+1"]
[EndTime "8:17:34 PDT"]
[Termination "FGHSMN won by resignation"]

1. Nf3 d5 2. g3 Nc6 3. d4 Bf5 4. Bg2 Nb4 5. Na3 e6 6. O-O Nf6 7. c3 Nc6 8. Nb1 Bd6 9. Bf4 O-O 10. Bxd6 cxd6 11. Nbd2 h6 12. Re1 a5 13. a4 e5 14. e3 Bd3 15. h3 Qc7 16. Qb3 e4 17.
Nh2 b5 18. Bf1 Bc4 19. Qc2 Bxf1 20. Nhxf1 Nb4 21. Qb3 Nd3 22. Reb1 Qd7 23. Kg2 bxa4 24.
Qxa4 Qf5 25. f4 exf3+ 26. Nxf3 Ne4 27. N1h2 Qg6 28. g4 f5 29. Qc2 fxg4 30. hxg4 Ng5 31.
Qb3 Nxf3 32. Qxd5+ Kh8 33. Nxf3 Qxg4+ 34. Kh2 Rxf3 35. Qxa8+ Kh7 36. Qxf3 Qxf3 37. Rxa5 Nf2 38. b4 Ng4+ 0-1

[Event "Early-Titled-Tuesday-Blitz-September-05-2023"]
[Site "Chess.com"]
[Date "2023.09.05"]
[Round "2"]
[White "Yerlan-Ra"]
[Black "blitzking1729"]
[Result "0-1"]
[WhiteElo "2385"]
[BlackElo "2744"]
[TimeControl "180+1"]
[EndTime "8:17:34 PDT"]
[Termination "blitzking1729 won by resignation"]

1. e4 d6 2. d4 Nf6 3. Nc3 e5 4. Nf3 exd4 5. Nxd4 Be7 6. Bf4 O-O 7. Qd2 Nc6 8.
O-O-O Nxd4 9. Qxd4 Be6 10. f3 a6 11. g4 b5 12. g5 Nh5 13. Be3 Bxg5 14. Rg1 Bxe3+ 15.
Qxe3 Qf6 16. Kb1 Rfe8 17. Ne2 g6 18. f4 Bc4 19. f5 Qxf5 20. Qh6 Qe5 21. Rg5 Qg7 22. Rxh5 gxh5 23. Qxh5 Re5 24. Qf3 Bxe2 25. Bxe2 Rae8 26. Qf2 R8e6 27. Bd3 c5 28. c3 Kh8 29.
a4 Qf6 30. Qc2 c4 31. Bf1 Rxe4 32. Bh3 Re2 33. Qc1 R6e3 34. Rf1 Qg6+ 35. Bf5 Qg2 36. Rd1 Rf3 37. Bd7 Rff2 0-1

[Event "Early-Titled-Tuesday-Blitz-September-05-2023"]
[Site "Chess.com"]
[Date "2023.09.05"]
[Round "2"]
[White "Fleetw00dMac"]
[Black "Witty_Alien"]
[Result "1-0"]
[WhiteElo "2468"]
[BlackElo "2195"]
[TimeControl "180+1"]
[EndTime "8:17:34 PDT"]
[Termination "Fleetw00dMac won on time"]

1. d4 e5 2. dxe5 d6 3. Nf3 Nc6 4. Bg5 Qd7 5. exd6 Bxd6 6. Nc3 Nf6 7. Bxf6 gxf6 8. e3 Rg8 9. Ne4 Bb4+ 10. c3 Qe7 11. Ng3 Bg4 12. Be2 Bc5 13. Nd4 Nxd4 14. exd4 Bd6 15. O-O h5 16. Bxg4 Bxg3 17. hxg3 Rxg4 18.
Re1 Re4 19. f3 Re6 20. Rxe6 fxe6 21. f4 Qf7 22. Qb3 O-O-O 23. Re1 Rd6 24. f5 Rb6 25. fxe6 Qe7 26. Qc2 a5 27. b3 a4 28. b4 a3 29.
Qf5 Rc6 30. Re3 b6 31. Qxh5 Rd6 32. Qf5 Kb7 33. d5 Ka7 34. Rf3 b5 35. Qxf6 Qxf6 36. Rxf6 Rxd5 37. g4 Re5 38. Kf2 Kb6 39. Kf3 c5 40.
Kf4 Re1 41. g5 cxb4 42. cxb4 Kc7 43. g6 Kd6 44. g7 Ke7 45. Rf7+ Kxe6 46. g8=Q Rf1+ 47.
Ke4 Re1+ 48. Kd4 Rd1+ 49. Kc5 Rd5+ 50. Kb6 Rd6+ 51. Ka5 Kd5 52. Rd7+ 1-0

[Event "Early-Titled-Tuesday-Blitz-September-05-2023"]
[Site "Chess.com"]
[Date "2023.09.05"]
[Round "2"]
[White "topin8"]
[Black "KejJaj"]
[Result "1-0"]
[WhiteElo "2474"]
[BlackElo "2206"]
[TimeControl "180+1"]
[EndTime "8:17:35 PDT"]
[Termination "topin8 won by resignation"]

1. Nf3 f5 2. g3 Nf6 3. Bg2 e6 4. O-O d5 5. c4 c6 6. b3 Bd6 7. Bb2 O-O 8. d3 Qe7 9. Nbd2 e5 10. cxd5 cxd5 11. e4 dxe4 12. dxe4 f4 13. Nc4 Rd8 14. Nxd6 Rxd6 15. Qe2 Nc6 16. Ba3 Bg4 17. Bxd6 Qxd6 18. Qc4+ Be6 19. Qe2 Bg4 20. gxf4 Nd4 21. Qc4+ Be6 22.
Qd3 Nxf3+ 23. Qxf3 exf4 24. h3 Qe5 25. Rac1 Qg5 26.
b4 Rf8 27. Rc5 Qg6 28. Qxf4 Nh5 29. Qg5 Qxg5 30. Rxg5 Nf6 31. Rd1 a6 32. Rc5 Bxa2 33. e5 Nh5 34. e6 Nf4 35. e7 Re8 36. Rd8 Bf7 37. Rcc8 Ne2+ 38. Kf1 Nf4 39. Rxe8+ Bxe8 40. Rxe8+ Kf7 41. Rf8+ Kxe7 42. Rxf4 1-0

[Event "Early-Titled-Tuesday-Blitz-September-05-2023"]
[Site "Chess.com"]
[Date "2023.09.05"]
[Round "2"]
[White "ferrufino64"]
[Black "AradNazari"]
[Result "0-1"]
[WhiteElo "2145"]
[BlackElo "2709"]
[TimeControl "180+1"]
[EndTime "8:17:36 PDT"]
[Termination "AradNazari won by resignation"]

1. e4 e6 2. d4 d5 3. Nd2 Nf6 4. e5 Nfd7 5. Bd3 c5 6. c3 Nc6 7.
Ne2 Qb6 8. Nf3 f6 9. exf6 Nxf6 10.
O-O Bd6 11. b3 O-O 12. Ng3 Bd7 13. Re1 Rae8 14. Bb2 e5 15. dxe5 Nxe5 16. Nxe5 Bxe5 17. Rc1 c4 18. Be2 Kh8 19. Bf3 Bf4 20. Ra1 Ng4 21. Rf1 Ne5 22. Be2 Bxg3 23. hxg3 Bc6 24. Ba3 Rf6 25.
bxc4 dxc4 26. Rb1 Qc7 27. Bc1 Qf7 28. Bf4 Ng6 29. Be3 b5 30. Qd4 a6 31. Qa7 Qxa7 32. Bxa7 Rxe2 33. Bd4 Rfe6 34. Rbd1 h6 35. a4 Kh7 36.
axb5 axb5 37. Rb1 Ne7 38. Rfd1 Nf5 39. Be3 Nxe3 40. fxe3 Rxg2+ 41. Kf1 Rxg3 0-1

[Event "Early-Titled-Tuesday-Blitz-September-05-2023"]
[Site "Chess.com"]
[Date "2023.09.05"]
[Round "2"]
[White "KVAIDAN"]
[Black "masterofpuppets2"]
[Result "0-1"]
[WhiteElo "2209"]
[BlackElo "2474"]
[TimeControl "180+1"]
[EndTime "8:17:38 PDT"]
[Termination "masterofpuppets2 won by resignation"]

1. f4 d5 2. Nf3 g6 3. e3 Bg7 4.
Be2 Nf6 5. O-O O-O 6. d3 c5 7. Kh1 Nc6 8. a4 Qc7 9. Nc3 a6 10. e4 dxe4 11. dxe4 Rd8 12. Qe1 Nd4 13. Bd1 Be6 14.
e5 Nd5 15. Ng5 Bf5 16. Nxd5 Rxd5 17. Qf2 h6 18. Nf3 Rad8 19. c3 Nxf3 20. Bxf3 R5d7 21. Be3 b6 22. a5 bxa5 23. Bxc5 Bd3 24. Bb6 Qb8 25.
Rfd1 Rc8 26. Be4 Bb5 27. e6 fxe6 28. Rxd7 Bxd7 29. Bxg6 Rf8 30. Be3 Qb5 31. Qd2 Bc6 32. Bd3 Qb7 33. Rxa5 Rd8 34. Bh7+ Kxh7 35. Qxd8 Bxg2+ 36.
Kg1 Qf3 37. Qd3+ Kg8 38. Rxa6 Bh3 39. Ra8+ Qxa8 40. Kf2 Qg2+ 41. Ke1 Qxb2 42. Bd4 Qc1+ 43. Kf2 Qxf4+ 44. Ke1 Bf5 45. Qg3 Qxg3+ 46. hxg3 Bxd4 47. cxd4 Kf7 48. Kf2 Kg6 49. Ke3 Kg5 50. Kf3 h5 51. Ke3 Kg4 52. Kf2 Be4 53. Ke3 Bd5 54. Kf2 Kh3 55.
Kg1 Kxg3 56. Kf1 h4 0-1

[Event "Early-Titled-Tuesday-Blitz-September-05-2023"]
[Site "Chess.com"]
[Date "2023.09.05"]
[Round "2"]
[White "mamey78"]
[Black "Durarbayli"]
[Result "1-0"]
[WhiteElo "2670"]
[BlackElo "2885"]
[TimeControl "180+1"]
[EndTime "8:17:40 PDT"]
[Termination "mamey78 won on time"]

1. e4 c5 2. Nf3 d6 3. d4 cxd4 4. Nxd4 Nf6 5. Nc3 Nc6 6. Bc4 e6 7. Be3 a6 8. Bb3 Qc7 9. Qe2 Na5 10. g4 h5 11. g5 Ng4 12. Bd2 g6 13. h3 Ne5 14.
O-O-O Bg7 15. Kb1 b5 16. f4 Nec4 17. Bc1 Bb7 18. f5 gxf5 19. g6 O-O-O 20. gxf7 Qxf7 21.
Rhf1 Bxd4 22. Rxd4 Qg7 23. Rdd1 fxe4 24. Nxe4 Kb8 25.
Ng5 Nxb2 26. Nxe6 Nxd1 27. Qxd1 Qd7 28. Nxd8 Rxd8 29. Rf7 Qc6 30. Qxh5 Nc4 31. Qf5 Rc8 32. Rf8 Ka7 33. Qf2+ Ka8 34. h4 d5 35. h5 d4 36.
h6 Ne3 37. h7 Nd1 38. h8=Q Nxf2 39. Rxc8+ Bxc8 40. Qxd4 Ne4 41. Be3 Qb7 42. Ka1 1-0

[Event "Early-Titled-Tuesday-Blitz-September-05-2023"]
[Site "Chess.com"]
[Date "2023.09.05"]
[Round "2"]
[White "Chemim21"]
[Black "WelshTiger"]
[Result "0-1"]
[WhiteElo "2275"]
[BlackElo "2496"]
[TimeControl "180+1"]
[EndTime "8:17:40 PDT"]
[Termination "WelshTiger won on time"]

1. e4 c6 2. d4 d5 3. exd5 cxd5 4. Bd3 Nc6 5. c3 Qc7 6. Nf3 Bg4 7. O-O e6 8. Re1 Nf6 9. h3 Bh5 10. Bg5 Bd6 11. Nbd2 h6 12. Bxf6 gxf6 13. g4 Rg8 14.
Kf1 Bg6 15. Qe2 O-O-O 16. b4 h5 17. Bxg6 Rxg6 18. gxh5 Rh6 19. Ng1 Rdh8 20. a4 e5 21. b5 Na5 22. dxe5 fxe5 23. c4 dxc4 24. Nxc4 Nxc4 25.
Rac1 Kb8 26. Rxc4 Qa5 27. Rec1 f5 28. Qd3 e4 29. Qd5 Bf4 30. R1c2 Qd8 31. Qxf5 Bd6 32. Rc8+ Qxc8 33. Rxc8+ Rxc8 34. Qxe4 Rxh5 35. h4 Rf8 36. Nf3 Rhf5 37. Qe6 Bc7 38. Ng5 Rxf2+ 39. Ke1 Ba5+ 40.
Kd1 Rd8+ 41. Kc1 Bc3 42. Qe7 Bb2+ 43. Kb1 Rd1+ 0-1

[Event "Early-Titled-Tuesday-Blitz-September-05-2023"]
[Site "Chess.com"]
[Date "2023.09.05"]
[Round "2"]
[White "Eloist"]
[Black "Aanna12"]
[Result "1/2-1/2"]
[WhiteElo "2433"]
[BlackElo "2028"]
[TimeControl "180+1"]
[EndTime "8:17:40 PDT"]
[Termination "Game drawn by repetition"]

1. e4 e5 2. Nf3 Nc6 3. Bc4 Bc5 4. c3 Nf6 5. d3 h6 6. O-O d6 7. Nbd2 a6 8. Bb3 Ba7 9. Re1 O-O 10. Nf1 Re8 11.
Ng3 Be6 12. Bxe6 Rxe6 13. d4 Re8 14. h3 Qd7 15. Qd3 Rad8 16. Be3 Qe7 17. d5 Bxe3 18.
dxc6 Bb6 19. cxb7 Rb8 20. Qxa6 Qd7 21. a4 Qc6 22. Qd3 Qxb7 23. b4 Ba7 24. a5 Qc6 25.
Nd2 d5 26. exd5 Nxd5 27. Nf5 Nf4 28. Qg3 Qf6 29. Qg4 h5 30. Ne4 hxg4 31. Nxf6+ gxf6 32. hxg4 Nd3 33. Re2 Rbd8 34. g3 e4 35. Kg2 Re5 36.
Rh1 Rde8 37. Rh6 Nc1 38. Rc2 Nd3 39. Re2 Nc1 40. Rc2 Nd3 41. Re2 1/2-1/2

[Event "Early-Titled-Tuesday-Blitz-September-05-2023"]
[Site "Chess.com"]
[Date "2023.09.05"]
[Round "2"]
[White "banane_verte"]
[Black "qx4z"]
[Result "0-1"]
[WhiteElo "2571"]
[BlackElo "2833"]
[TimeControl "180+1"]
[EndTime "8:17:42 PDT"]
[Termination "qx4z won by resignation"]

1. d4 Nf6 2. c4 g6 3. g3 c6 4. Bg2 d5 5. Nf3 Bg7 6. O-O O-O 7. Qb3 dxc4 8. Qxc4 Bf5 9. Nc3 Nbd7 10. Re1 Ne4 11. Nd2 Nb6 12. Qb3 Nxd2 13. Bxd2 Qxd4 14. Be3 Qc4 15.
Qa3 Rfe8 16. Rac1 Qe6 17. Rcd1 Nc4 18. Qc5 Nxe3 19. Qxe3 Qxe3 20. fxe3 Bh6 21. Kf2 Rad8 22. Ne4 Bc8 23. Rd3 f5 24. Nc5 Rd6 25. Red1 Red8 26. b4 Bf8 27. b5 b6 28. Nb3 cxb5 29. Nd4 a6 30. Nc6 Rxd3 31. Rxd3 Rxd3 32. exd3 Kf7 33.
Bd5+ e6 34. Bb3 Bd6 35. d4 Bd7 36. d5 e5 37. e4 Kf6 38. Kf3 a5 39. Bc2 f4 40.
gxf4 exf4 41. Bd3 Bxc6 42. dxc6 b4 43. Bc4 a4 44. Bb5 b3 45. Bc4 b5 46. c7 Bxc7 47. axb3 bxc4 48. bxa4 Ke5 49. a5 Bxa5 0-1

[Event "Early-Titled-Tuesday-Blitz-September-05-2023"]
[Site "Chess.com"]
[Date "2023.09.05"]
[Round "2"]
[White "SchmakAttack"]
[Black "colegiodemadrid"]
[Result "0-1"]
[WhiteElo "2768"]
[BlackElo "2463"]
[TimeControl "180+1"]
[EndTime "8:17:42 PDT"]
[Termination "colegiodemadrid won by resignation"]

1. d4 Nf6 2. c4 g6 3. g3 Bg7 4. Bg2 O-O 5. Nc3 d6 6. Nf3 Bf5 7. O-O Ne4 8. Qb3 Nxc3 9. bxc3 Bc8 10. e4 b6 11. Re1 c5 12. Bf4 Nc6 13. Rad1 Na5 14.
Qc2 Nxc4 15. e5 d5 16. dxc5 bxc5 17. e6 Bxe6 18. Rxe6 fxe6 19. Ng5 Nb6 20. Nxe6 Qd7 21. Nxf8 Rxf8 22. Be3 d4 23. cxd4 cxd4 24. Qe4 e5 25.
Bg5 Qa4 26. Rc1 Qxa2 27. h4 Qxf2+ 28. Kh2 Qf5 29. Qb7 h6 30. Bd2 Rf7 31. Qb8+ Kh7 32.
Re1 Nc4 33. Bb4 Ne3 34. Re2 Nxg2 35. Rxg2 e4 36. Bd6 e3 37. Qe8 Qd7 38. Qb8 d3 39. h5 gxh5 40. Bf4 d2 41. Qb1+ Qf5 42. Qd1 h4 43.
Bxe3 hxg3+ 44. Kg1 Qf1+ 0-1

[Event "Early-Titled-Tuesday-Blitz-September-05-2023"]
[Site "Chess.com"]
[Date "2023.09.05"]
[Round "2"]
[White "emeli_chess"]
[Black "CrushingKings"]
[Result "0-1"]
[WhiteElo "2384"]
[BlackElo "2549"]
[TimeControl "180+1"]
[EndTime "8:17:42 PDT"]
[Termination "CrushingKings won by resignation"]

1. d4 g6 2. c4 Bg7 3. Nc3 d6 4. e4 Nf6 5. f3 c6 6. Be3 a6 7.
Bd3 b5 8. Nge2 Nbd7 9. O-O O-O 10. a3 e5 11. d5 bxc4 12. Bxc4 Nb6 13. Ba2 cxd5 14.
Nxd5 Nfxd5 15. Bxd5 Nxd5 16. Qxd5 Be6 17. Qd2 d5 18. exd5 Bxd5 19. Nc3 Bb3 20. Rf2 f5 21. Bh6 Qd4 22. Bxg7 Kxg7 23. Re1 Rad8 24. Qe3 Rfe8 25. h4 Qxh4 26. Rd2 Rxd2 27. Qxd2 Rd8 28. Qe3 Qd4 29.
Qxd4 exd4 30. Nb1 Kf6 31. Nd2 Be6 32. Rc1 Rc8 33. Rxc8 Bxc8 34. Nb3 Ke5 35. Kf2 Be6 36. Nc5 Bc8 37. g3 g5 38. Nd3+ Kd5 39. f4 h6 40. Kf3 Kc4 41. Ke2 Kb3 42. Nc5+ Kxb2 43. Kd3 gxf4 44. gxf4 h5 45. Kxd4 Kxa3 46. Kc3 h4 47. Nd3 h3 48. Nf2 h2 49. Nh1 Bb7 0-1

[Event "Early-Titled-Tuesday-Blitz-September-05-2023"]
[Site "Chess.com"]
[Date "2023.09.05"]
[Round "2"]
[White "GasconJR"]
[Black "nihalsarin"]
[Result "1-0"]
[WhiteElo "2705"]
[BlackElo "3125"]
[TimeControl "180+1"]
[EndTime "8:17:43 PDT"]
[Termination "GasconJR won by resignation"]

1. Nf3 d5 2. g3 c5 3. Bg2 Nf6 4. O-O g6 5. c4 Bg7 6. cxd5 Nxd5 7.
Nc3 O-O 8. d3 Nc6 9. Bd2 b6 10.
Nxd5 Qxd5 11. Bc3 Bb7 12. Ne5 Qe6 13. Nxc6 Bxc6 14. Bxc6 Qxc6 15. Rc1 Rfd8 16. b4 Bxc3 17. Rxc3 Qf6 18. Qb3 cxb4 19. Qxb4 Rd4 20. Qb3 Rad8 21. Rfc1 Kg7 22. Rc7 R8d7 23. Qb5 Qe6 24. Rxd7 Rxd7 25. a4 h5 26. h4 f6 27. a5 Rd5 28. Qb3 bxa5 29. Rc5 Rd6 30. Qxe6 Rxe6 31. Rxa5 a6 32. Kf1 Kf7 33. e4 Rb6 34. Ke2 Ke6 35.
f4 Kd7 36. Kf3 Kc7 37. g4 hxg4+ 38. Kxg4 Rd6 39. f5 gxf5+ 40. Kxf5 Kb6 41. Ra3 Kb5 42. h5 Kb4 43. Ra1 a5 44. h6 Rxd3 45. Rh1 Rd8 46.
Ke6 a4 47. Kxe7 Ra8 48. h7 Rh8 49. Kxf6 a3 50. Kg7 Re8 51. h8=Q Rxe4 52. Qb8+ Kc4 53. Rc1+ Kd4 54. Qb4+ Ke5 55. Rc5+ Kf4 56. Rc4 1-0

[Event "Early-Titled-Tuesday-Blitz-September-05-2023"]
[Site "Chess.com"]
[Date "2023.09.05"]
[Round "2"]
[White "Parhamov"]
[Black "Orest_Vovk"]
[Result "1-0"]
[WhiteElo "2922"]
[BlackElo "2608"]
[TimeControl "180+1"]
[EndTime "8:17:43 PDT"]
[Termination "Parhamov won on time"]

1. d4 g6 2. e4 Nf6 3. e5 Nh5 4. Be2 d6 5. Bxh5 gxh5 6. Qxh5 dxe5 7. Qxe5 Rg8 8. Qe4 Rg4 9. Qf3 Rxd4 10. Nc3 Bg4 11. Be3 Bxf3 12. Nxf3 Rd7 13. Ne5 Rd6 14. Nc4 Re6 15. Rd1 Qc8 16. O-O Bg7 17. Nd5 c6 18.
Ndb6 axb6 19. Nxb6 Rxe3 20. Nxc8 Re2 21. Rfe1 Rxe1+ 22. Rxe1 Bf6 23. Nd6+ Kd7 24. Nxb7 Rxa2 25. Nc5+ Kc7 26.
Nd3 Nd7 27. g4 e6 28. c3 c5 29. Re4 Ra1+ 30. Kg2 Rd1 31. Re3 Bg5 32. Rf3 f6 33.
b4 c4 34. Nb2 Rc1 35. Nxc4 Ne5 36. Nxe5 fxe5 37. Rf7+ Kd6 38. Rxh7 Rxc3 39. h4 Bf4 40. g5 e4 41. g6 Rc8 42. h5 Rg8 43. Rf7 e5 44. Kh3 e3 45. fxe3 Bxe3 46. Kg4 Bf4 47. Kf5 Bd2 48. g7 Bh6 49. Rf6+ Ke7 50. Rxh6 Rxg7 51.
b5 Kf7 52. b6 Kg8 53. Rg6 1-0

[Event "Early-Titled-Tuesday-Blitz-September-05-2023"]
[Site "Chess.com"]
[Date "2023.09.05"]
[Round "2"]
[White "HajiyevKanan"]
[Black "GaiozNigalidze"]
[Result "1-0"]
[WhiteElo "2473"]
[BlackElo "2751"]
[TimeControl "180+1"]
[EndTime "8:17:43 PDT"]
[Termination "HajiyevKanan won on time"]

1. d4 Nf6 2. Nf3 d5 3. Bf4 e6 4.
e3 Be7 5. Bd3 O-O 6. O-O b6 7. c4 Bb7 8. Nc3 Nbd7 9. cxd5 exd5 10. Qc2 a6 11. Ne5 c5 12. Bg5 h6 13. Bh4 c4 14. Bf5 b5 15. a3 Nb6 16. f4 Ne8 17.
Bf2 Nd6 18. Bh3 f5 19. Kh1 Ne4 20. Nxe4 dxe4 21. g4 fxg4 22. Bxg4 Bd5 23. Rg1 Qd6 24. Rg2 Rf6 25. Rag1 Bf8 26. Bh4 Re6 27. Bf5 Ra7 28. Bxe4 Bxe4 29. Qxe4 Nd5 30. f5 Re8 31. Qf3 Rxe5 32.
dxe5 Qxe5 33. e4 Nf6 34. Bxf6 Qxf6 35. Qf4 Re7 36. Rg6 Qd4 37. f6 Rxe4 38. Rxg7+ Bxg7 39. Rxg7+ Kf8 40. Qxh6 Qd5 41. Qh8+ 1-0